 Dungeon Crawl Stone Soup version 0.30-a0-800-g7c544603b3 (webtiles) character file.

Game seed: 8310880280735763519

634 bande the Shield-Bearer (level 7, -1/43 HPs)
             Began as a Gargoyle Fighter on Feb 21, 2023.
             Was an Initiate of Okawaru.
             Slain by a wyvern (13 damage)
             ... on level 6 of the Dungeon.
             The game lasted 00:06:03 (4283 turns).

bande the Shield-Bearer (Gargoyle Fighter)          Turns: 4283, Time: 00:06:04

Health: -1/43      AC: 20    Str: 20    XL:     7   Next: 49%
Magic:  7/7        EV:  2    Int:  8    God:    Okawaru [......]
Gold:   235        SH: 14    Dex: 11    Spells: 6/6 levels left

rFire   . . .      SeeInvis +    a - +0 war axe
rCold   . . .      Faith    .    r - +1 tower shield
rNeg    + . .      Spirit   .    h - +0 plate armour
rPois   ∞          Reflect  .    (no helmet)
rElec   +          Harm     .    m - +0 cloak
rCorr   .          Rampage  .    (no gloves)
Will    .....                    j - +1 pair of boots Stlth
                                 (no amulet)
HPRegen 0.27/turn                b - ring of see invisible
MPRegen 0.10/turn                (no ring)

@: mighty
A: sickness immunity, AC +4, negative energy resistance 1, electricity
resistance, torment resistance 1, petrification resistance
a: Renounce Religion


You were on level 6 of the Dungeon.
You worshipped Okawaru.
Okawaru was noncommittal.
You visited 2 branches of the dungeon, and saw 7 of its levels.

You collected 235 gold pieces.

Inventory:

Hand Weapons
 a - a +0 war axe (weapon)
 c - a +0 flail
 i - a +0 war axe
Armour
 h - a +0 plate armour (worn)
 j - a +1 pair of boots (worn)
 m - a +0 cloak (worn)
 r - a +1 tower shield (worn)
Jewellery
 b - a ring of see invisible (left hand)
Wands
 l - a wand of paralysis (7)
 o - a wand of digging (4)
Scrolls
 e - 2 scrolls of teleportation
 f - a scroll of poison
 g - 2 scrolls of fog
 n - 2 scrolls of enchant armour
Potions
 d - 2 potions of might
 k - 2 potions of haste
 p - a potion of mutation {unknown}
 q - a potion of curing {unknown}


   Skills:
 + Level 4.3 Fighting
 + Level 4.7 Axes
 + Level 4.6 Armour
 + Level 5.1 Shields
 * Level 1.0 Invocations
 * Level 2.2 Evocations


You had 6 spell levels left.
You didn't know any spells.
Your spell library contained the following spells:

 Spells                   Type           Power      Damage    Failure   Level
 Blink                    Tloc           0%         N/A       100%        2
 Lesser Beckoning         Tloc           0%         N/A       100%        2
 Momentum Strike          Conj/Tloc      0%         3d8       100%        2
 Wereblood                Tmut           0%         N/A       100%        2
 Sublimation of Blood     Necr           Unusable   N/A       N/A         2
 Summon Hydra             Summ           Unusable   N/A       N/A         7

Dungeon Overview and Level Annotations

Branches:
Dungeon (6/15)             Temple (1/1) D:5

Altars:
Ashenzari
Cheibriados
Fedhas
Hepliaklqana
Kikubaaqudgha
Makhleb
Nemelex Xobeh
Okawaru
Vehumet
Yredelemnul
The Shining One


Innate Abilities, Weirdness & Mutations

You are immune to sickness and miasma.
Your stone body is resilient. (AC +4)
You are immune to poison.
You resist negative energy. (rN+)
You are resistant to electric shocks. (rElec)
You are resistant to unholy torment.
You are immune to petrification.


Message History

A wyvern comes into view.
The wyvern hisses angrily.
A wyvern is nearby!
You block the wyvern's attack.
You slash the wyvern!
The wyvern is moderately wounded.
The wyvern bites you but does no damage. x2
You hit the wyvern but do no damage.
The wyvern is moderately wounded.
The wyvern bites you!
The wyvern bites you but does no damage.
You hit the wyvern but do no damage.
The wyvern is moderately wounded.
You block the wyvern's attack. x2
The wyvern bites you but does no damage.
You barely miss the wyvern.
The wyvern is moderately wounded.
The wyvern bites you.
The wyvern bites you but does no damage.
You block the wyvern's attack.
You barely miss the wyvern.
The wyvern is moderately wounded.
The wyvern bites you!
The wyvern bites you but does no damage.
You closely miss the wyvern.
The wyvern is moderately wounded.
You block the wyvern's attack. The wyvern bites you!
You are too injured to fight recklessly!
You are too injured to fight recklessly!
You are too injured to fight recklessly!
You are too injured to fight recklessly!
You are too injured to fight recklessly!
You are too injured to fight recklessly!
You feel very mighty all of a sudden. The wyvern bites you. x2
* * * LOW HITPOINT WARNING * * *
You slash the wyvern!
The wyvern is almost dead.
The wyvern bites you!
You die...

#.......#.##............#.
#..##.<>##..............###
##....#...............##
#......................#
#.................##....
..................####..#
.(........................
..##...............#......
.........l@........###...#.
...#..####...#....#..... #.
##..###....##... #
#....###.#.##..# ###.##
######### ### #


You could see a wyvern.

Vanquished Creatures
  An ogre (D:4)
  A necrophage (D:5)
  A scorpion (D:5)
  A jelly (D:5)
  A gnoll bouda (D:5)
  2 hounds
  An orc priest (D:3)
  Ijyb (D:3)
  An iguana (D:4)
  3 orc wizards (D:5)
  3 gnolls (D:5)
  5 adders
  A white imp (D:4)
  2 worms
  A dart slug (D:2)
  8 orcs
  7 ball pythons
  3 bats (D:2)
  3 endoplasms
  2 giant cockroaches
  3 goblins
  8 hobgoblins
  7 jackals
  2 quokkas
  4 kobolds
  3 rats
75 creatures vanquished.

Notes
Turn   | Place    | Note
-------+----------+-------------------------------------------
     0 | D:1      | bande the Gargoyle Fighter began the quest for the Orb.
     0 | D:1      | Reached XP level 1. HP: 14/14 MP: 1/1
   176 | D:1      | Reached XP level 2. HP: 16/19 MP: 2/2
   836 | D:2      | Reached XP level 3. HP: 22/24 MP: 3/3
  1159 | D:2      | Reached XP level 4. HP: 29/29 MP: 4/4
  1541 | D:3      | Noticed Ijyb
  1567 | D:3      | Killed Ijyb
  1568 | D:3      | Reached skill level 4 in Shields
  1568 | D:3      | Reached XP level 5. HP: 21/33 MP: 5/5
  2523 | D:4      | Noticed an ogre
  2531 | D:4      | Killed an ogre
  2532 | D:4      | Reached skill level 1 in Evocations
  2532 | D:4      | Reached XP level 6. HP: 21/38 MP: 6/6
  3030 | D:4      | Found a faded altar of an unknown god.
  3030 | D:4      | Found a burning altar of Makhleb.
  3037 | D:4      | Found a faded altar of an unknown god.
  3039 | D:4      | Found an ancient bone altar of Kikubaaqudgha.
  3041 | D:4      | Found a hazy altar of Hepliaklqana.
  3441 | D:5      | Entered Level 5 of the Dungeon
  3650 | D:5      | Found a staircase to the Ecumenical Temple.
  3679 | D:5      | Reached XP level 7. HP: 33/43 MP: 7/7
  3719 | Temple   | Entered the Ecumenical Temple
  3737 | Temple   | Became a worshipper of Warmaster Okawaru
  3877 | D:5      | Found a glowing golden altar of the Shining One.
  3930 | D:5      | Reached skill level 5 in Shields
  3952 | D:5      | Reached skill level 1 in Invocations
  3994 | D:5      | Found a blossoming altar of Fedhas.
  4273 | D:6      | Noticed a wyvern
  4283 | D:6      | Slain by a wyvern

Illustrated notes

Levels and vault maps discovered:
D:1:      dpeg_arrival_rhombus, layout_basic, minmay_misc_feat_tiny
D:2:      layout_loops_ring, kennysheep_generic_room_16
D:3:      layout_rooms, nicolae_elevator_lobby_plus, uniq_ijyb
D:4:      layout_cave_pods, chequers_temple_overflow_minitemple
D:5:      layout_loops_ring, kennysheep_mini,
          mainiacjoe_overflow_surrounded_room, minmay_temple_entry_overgrown
D:6:      layout_cave_pools, skrybe_limestone_x
Temple:   dshaligram_water_room_temple

Skill      XL: |  1  2  3  4  5  6  7 |
---------------+----------------------+-----
Axes           | 2 3 4 |  4.7
Armour         | 4 |  4.6
Fighting       | 4 |  4.3
Shields        | 4 5 |  5.1
Evocations     | 1 2 |  2.2
Invocations    | 1 |  1.0

Action                     |  1- 3 |  4- 6 |  7- 9 || total
---------------------------+-------+-------+-------++-------
  Melee: War axe           |    69 |   165 |    61 ||   295
    Use: Scroll            |       |    10 |     2 ||    12
         Potion            |       |       |     1 ||     1
 Armour: Scale mail        |     8 |       |       ||     8
         Plate armour      |    55 |   129 |    38 ||   222
  Dodge: Dodged            |    29 |    40 |     1 ||    70
  Block: Buckler           |    31 |    20 |       ||    51
         Tower shield      |       |   107 |    45 ||   152

Table legend: (Time is in decaauts)
 A = Elapsed time spent in this place.
 B = Non-inter-level travel time spent in this place.
 C = Inter-level travel time spent in this place.
 D = Time resting spent in this place.
 E = Time spent auto-exploring this place.
 F = Levels seen in this place.
 G = Mean time per level.
                   A        B        C        D        E       F      G
               +--------+--------+--------+--------+--------+-----+--------+
         Total |   4451 |   4266 |    185 |    486 |   2875 |   7 |  635.9 |
       Dungeon |   4420 |   4235 |    185 |    486 |   2864 |   6 |  736.7 |
        Temple |     30 |     30 |      0 |      0 |     11 |   1 |   30.0 |
               +--------+--------+--------+--------+--------+-----+--------+

Top non-repeatable levels by time:
     D:4: 1422 daAuts
     D:1: 835 daAuts
     D:5: 793 daAuts
     D:2: 667 daAuts
     D:3: 622 daAuts
     D:6: 79 daAuts
  Temple: 30 daAuts
